 Dungeon Crawl Stone Soup version 0.14-a0-1773-ge500af7 (webtiles) character file.

257 Nicoed the Skirmisher (level 5, -1/41 HPs)
             Began as a Human Fighter on Jan 7, 2014.
             Was a Follower of Zin.
             Killed by divine providence
             ... invoked by an orc priest
              (15 damage)
             ... on Level 3 of the Dungeon.
             The game lasted 00:08:14 (2151 turns).

Nicoed the Skirmisher (Human Fighter)               Turns: 2151, Time: 00:08:14

HP  -1/41        AC  7     Str 18      XL: 5   Next: 24%
MP   5/5         EV  7     Int  8      God: Zin [*.....]
Gold 138         SH 19     Dex 13      Spells:  0 memorised,  4 levels left

rFire  . . .     SeeInvis .     a - +1,+0 falchion
rCold  . . .     Clarity  .     t - +1 ring mail
rNeg   . . .     Conserve .     c - +0 shield
rPois  .         rCorr    .     (no helmet)
rElec  .         rRot     .     u - +0 cloak
SustAb . .       Spirit   .     (no gloves)
rMut   .         Warding  .     (no boots)
Saprov . . .     Stasis   .     (no amulet)
                                (no ring)
                                n - +1 ring of dexterity

@: slightly resistant to hostile enchantments, extremely unstealthy
A: no striking features
a: Recite, Renounce Religion


You were on level 3 of the Dungeon.
You worshipped Zin.
Zin was aware of your devotion.
You were full.

You visited 1 branch of the dungeon, and saw 3 of its levels.

You collected 153 gold pieces.
You donated 15 gold pieces.

Inventory:

Hand weapons
 a - a +1,+0 falchion (weapon)
Armour
 c - a +0 shield (worn)
 t - a +1 ring mail (worn)
 u - a +0 cloak (worn)
Comestibles
 d - a bread ration
 j - a meat ration
 k - a pear
Scrolls
 e - a scroll of magic mapping {unknown}
 f - 2 scrolls of remove curse {unknown}
 g - 2 scrolls of fear
 m - a scroll of amnesia {unknown}
 o - a scroll of random uselessness {unknown}
 q - a scroll of noise {unknown}
 r - a scroll of fog {unknown}
 s - a scroll of blinking {unknown}
 w - a scroll of identify {unknown}
 x - a scroll of immolation {unknown}
 y - 2 scrolls of enchant weapon I
Jewellery
 n - a +1 ring of dexterity (left hand)
Potions
 b - a potion of brilliance {unknown}
 h - a potion of curing
 i - a potion of might {unknown}
 l - a potion of confusion {unknown}
 p - a potion of paralysis {unknown}
 v - a potion of lignification {unknown}


   Skills:
 + Level 3.6 Fighting
 + Level 2.6 Long Blades
 + Level 3.4 Armour
 + Level 2.2 Dodging
 + Level 3.6 Shields


You had 4 spell levels left.
You didn't know any spells.

Dungeon Overview and Level Annotations

Branches:
Dungeon (3/16)

Altars:
Zin


Message History

The orc priest is moderately wounded.
The orc priest hits you with an orcish trident.
You closely miss the orc priest.
The orc priest is moderately wounded.
The orc priest hits you with an orcish trident.
The orc priest hits you but does no damage.
You hit the orc priest.
The orc priest is heavily wounded.
You closely miss the orc priest.
The orc priest is heavily wounded.
You block the orc priest's attack. The orc priest barely misses you.
You hit the orc priest.
The orc priest is severely wounded.
The orc priest mumbles some strange prayers to Beogh against you.
Something smites you!
You hit the orc priest.
The orc priest is almost dead.
The orc priest invokes the aid of Beogh against you.
Something smites you!
You die...

##################
#.................
#%################
#@#
#......o.........
...####.#####..
#.# #.# #.# ## #.#
. #.# #.###### ...
........


You could see an orc priest.

Vanquished Creatures
  6 adders
  A worm (D:2)
  3 giant geckos
  4 orcs (D:3)
  A giant cockroach (D:1)
  9 goblins
  4 hobgoblins
  6 jackals
  8 kobolds
  A quokka (D:3)
  2 bats (D:1)
  3 giant newts
  3 rats
51 creatures vanquished.

Notes
Turn   | Place    | Note
--------------------------------------------------------------
     0 | D:1      | Nicoed, the Human Fighter, began the quest for the Orb.
     0 | D:1      | Reached XP level 1. HP: 18/18 MP: 1/1
   109 | D:1      | Reached skill level 1 in Dodging
   109 | D:1      | Reached XP level 2. HP: 24/24 MP: 2/2
   569 | D:2      | Reached XP level 3. HP: 22/29 MP: 3/3
  1089 | D:2      | Reached XP level 4. HP: 35/35 MP: 4/4
  1208 | D:2      | Found a glowing silver altar of Zin.
  1249 | D:2      | Became a worshipper of Zin the Law-Giver
  1249 | D:2      | Acquired Zin's first power
  1696 | D:3      | Reached XP level 5. HP: 12/41 MP: 5/5
  2151 | D:3      | Killed from afar by an orc priest

Action                   |  1- 3 |  4- 6 || total
-------------------------+-------+-------++-------
Melee: Falchion          |    99 |   145 ||   244
Invok: Recite            |       |     1 ||     1
  Use: Scroll            |       |     5 ||     5
       Potion            |       |     1 ||     1
